 Dungeon Crawl Stone Soup version 0.27-a0-1186-g8b4daa1eef (webtiles) character file.

Game seed: 2232191290760721123

55 siradein the Slasher (level 3, 0/29 HPs)
             Began as a Demonspawn Fighter on May 20, 2021.
             Slain by an adder (2 damage)
             ... on level 3 of the Dungeon.
             The game lasted 00:03:53 (1397 turns).

siradein the Slasher (Demonspawn Fighter)           Turns: 1397, Time: 00:03:53

Health: 0/29       AC: 11    Str: 17    XL:     3   Next: 67%
Magic:  3/3        EV:  2    Int:  9    God:
Gold:   23         SH:  9    Dex: 12    Spells: 2/2 levels left

rFire    . . .     SeeInvis .   h - +1 spear (vamp)
rCold    . . .     Faith    .   c - +0 kite shield
rNeg     . . .     Spirit   .   e - +0 plate armour
rPois    .         Reflect  .   (no helmet)
rElec    .         Harm     .   (no cloak)
rCorr    .         Rampage  .   (no gloves)
Will     .....                  (no boots)
Stlth    ..........             (no amulet)
HPRegen  0.09/turn              (no ring)
MPRegen  0.08/turn              (no ring)

@: no status effects
A: foul stench 2
a: no special abilities


You were on level 3 of the Dungeon.
You visited 1 branch of the dungeon, and saw 3 of its levels.

You collected 23 gold pieces.

Inventory:

Hand Weapons
 a - a +0 long sword
 h - a +1 vampiric spear (weapon)
Armour
 c - a +0 kite shield (worn)
 e - a +0 plate armour (worn)
Scrolls
 b - 2 scrolls of amnesia {unknown}
 f - 5 scrolls of identify {unknown}
 g - a scroll of immolation {unknown}
 i - a scroll of fog {unknown}
 k - a scroll of blinking {unknown}
 l - a scroll of vulnerability {unknown}
Potions
 d - 2 potions of might
 j - 2 potions of resistance {unknown}


   Skills:
 - Level 3.0 Fighting
 + Level 3.4 Long Blades
 - Level 2.6 Armour
 + Level 3.0 Shields


You had 2 spell levels left.
You didn't know any spells.
Your spell library contained the following spells:

 Spells                   Type           Power      Damage    Failure   Level
 Magic Dart               Conj           0%         1d3       100%        1
 Blink                    Tloc           N/A        N/A       100%        2
 Call Imp                 Summ           0%         N/A       100%        2
 Slow                     Hex            0%         N/A       100%        2
 Conjure Flame            Conj/Fire      0%         6-21      100%        3
 Mephitic Cloud           Conj/Pois/Air  0%         N/A       100%        3


Dungeon Overview and Level Annotations

Branches:
Dungeon (3/15)

Altars:
The Shining One

Shops:
D:1 *


Innate Abilities, Weirdness & Mutations

You sometimes emit foul miasma when damaged in melee.


Message History

The orc wizard flickers and vanishes!
Deactivating autopickup; reactivate with Ctrl-A.
There is an escape hatch in the floor here.
You slide downwards.
The hatch slams shut behind you.
Reactivating autopickup.
An endoplasm and a kobold come into view.
The kobold shouts!
Found a stone staircase leading down.
There are monsters nearby!
A ball python and an adder come into view.
The ball python hisses angrily.
Found 24 stones.
The adder bites you but does no damage. You block the adder's attack.
Found a stone staircase leading down.
You block the adder's attack.
You are too injured to fight recklessly!
You miss the adder. The adder bites you.
* * * LOW HITPOINT WARNING * * *
The adder bites you.
* * * LOW HITPOINT WARNING * * *
You hit the adder.
The adder is moderately wounded.
You block the adder's attack. The adder bites you but does no damage.
You hit the adder.
You feel better.
The adder is heavily wounded.
You block the adder's attack.
You hit the adder.
The adder is severely wounded.
The adder bites you but does no damage. You block the ball python's attack.
The ball python grabs you.
* * * LOW HITPOINT WARNING * * *
The ball python constricts you. You block the adder's attack.
The ball python bites you.
* * * LOW HITPOINT WARNING * * *
The ball python constricts you.
You escape the ball python's grasp.
A rat comes into view.
The adder bites you.
You die...

... >.. #..# ###.#
#...###...###
#..........#
######.........#####
....................
.........#.#..>.####
.r....JS.S..........
.......@.#.#....##...
...........##.......#
........≈≈≈≈..#.(....
########≈≈≈≈≈≈##.....
...≈≈≈≈≈≈≈≈≈..#≈
.#.≈≈≈≈≈≈≈≈≈≈≈≈≈
#.K.≈≈≈≈≈≈≈≈≈≈≈
#......≈≈≈K≈≈≈≈≈
..#......#≈≈≈≈≈


You could see an adder, an endoplasm, a ball python, a kobold and a rat.

Vanquished Creatures
  An orc wizard (D:2)
  A dart slug (D:1)
  3 ball pythons
  An endoplasm (D:2)
  A giant cockroach (D:1)
  7 hobgoblins
  A quokka (D:1)
  3 bats
  3 frilled lizards
  4 kobolds
  2 rats
27 creatures vanquished.

Notes
Turn   | Place    | Note
-------+----------+-------------------------------------------
     0 | D:1      | siradein the Demonspawn Fighter began the quest for the
                  | Orb.
     0 | D:1      | Reached XP level 1. HP: 18/18 MP: 1/1
   348 | D:1      | Gained mutation: You may rarely emit foul miasma when
                  | damaged in melee. [demonic ancestry]
   348 | D:1      | Reached XP level 2. HP: 24/24 MP: 2/2
   357 | D:1      | Found a faded altar of an unknown god.
   793 | D:1      | Found Culil's Assorted Antiques.
  1309 | D:2      | Gained mutation: You sometimes emit foul miasma when
                  | damaged in melee. [demonic ancestry]
  1309 | D:2      | Reached XP level 3. HP: 29/29 MP: 3/3
  1397 | D:3      | Slain by an adder

Illustrated notes

Levels and vault maps discovered:
D:1:      dpeg_arrival_fog, layout_basic, serial_shops, shop,
          ebering_ecumenical_altar_mist, chequers_serial_rivers_micro_e,
          minmay_misc_feat_encased
D:2:      layout_loops_ring, basic_altar
D:3:      wander_river, layout_rooms, slow_altar_1

Skill      XL: |  1  2  3 |
---------------+----------+-----
Long Blades    | 2 3 |  3.4
Shields        | 3 |  3.0
Fighting       | |  3.0
Armour         | |  2.6

Action                   || total
-------------------------++-------
Melee: Long sword        ||    45
       Spear             ||    75
Armor: Plate armour      ||    72
Dodge: Dodged            ||    14
Block: Kite shield       ||    59
       Rpst.: Long sword ||     1

Table legend: (Time is in decaauts)
 A = Elapsed time spent in this place.
 B = Non-inter-level travel time spent in this place.
 C = Inter-level travel time spent in this place.
 D = Time resting spent in this place.
 E = Time spent auto-exploring this place.
 F = Levels seen in this place.
 G = Mean time per level.
                   A        B        C        D        E       F      G
               +--------+--------+--------+--------+--------+-----+--------+
         Total |   1447 |   1416 |     31 |      0 |   1104 |   3 |  482.3 |
       Dungeon |   1447 |   1416 |     31 |      0 |   1104 |   3 |  482.3 |
               +--------+--------+--------+--------+--------+-----+--------+

Top non-repeatable levels by time:
     D:1: 862 daAuts
     D:2: 571 daAuts
     D:3: 13 daAuts
